[Event "ICC Open 2015"]
[Site "Internet Chess Club"]
[Date "2015.05.30"]
[Round "11"]
[White "DanielDelPaso"]
[Black "Pantani"]
[Result "1-0"]
[ICCResult "Black forfeits on time"]
[WhiteElo "2728"]
[BlackElo "2931"]
[Opening "QGD semi-Slav: Stoltz variation"]
[ECO "D45"]
[NIC "SL.08"]
[Time "16:14:48"]
[TimeControl "180+0"]

1. d4 d5 2. c4 c6 3. Nc3 Nf6 4. e3 e6 5. Nf3 Nbd7 6. Qc2 b6 7. Be2 Bb7 8.
O-O Be7 9. b3 O-O 10. Bb2 Qc7 11. Rfe1 Rad8 12. Rad1 h6 13. Bf1 Rfe8 14. e4
dxe4 15. Nxe4 Nxe4 16. Qxe4 c5 17. Qg4 Bf6 18. Bc1 Bxf3 19. gxf3 Bxd4 20.
Bxh6 f5 21. Qg6 Ne5 22. Qg2 Qb7 23. Be2 Rf8 24. Bf4 Nc6 25. Bd3 Bf6 26. Rxe6
Nd4 27. Re3 Rfe8 28. Kf1 Rxe3 29. fxe3 Ne6 30. Bg3 f4 31. Qh3 Kf7 32. Qh5+
Ke7 33. exf4 Rd4 34. Bh4 Rxf4 35. Bxf6+ Rxf6 36. Kg1 Qxf3 37. Qxf3 Rxf3 38.
Be4 Re3 39. Bd5 Nd4 40. Rf1 Re2 41. Rf7+ Kd6 42. Rxg7 Rxa2 43. Rg6+ Ke5 44.
h4 Kf4 45. h5 Ne2+ 46. Kh2 Ng3+ 47. Kh3 Nf5 48. Rf6 Rb2 49. Be6 Rxb3+ 50.
Kh2 Rb2+ 51. Kg1 Kg3 52. Rg6+ Kf3 53. Bxf5 Rb4 54. Bg4+ {Black forfeits on
time} 1-0

[Event "ICC Open 2015"]
[Site "Internet Chess Club"]
[Date "2015.05.30"]
[Round "11"]
[White "jugador"]
[Black "motipen"]
[Result "1-0"]
[ICCResult "Black forfeits on time"]
[WhiteElo "1758"]
[BlackElo "1894"]
[Opening "Pirc: classical system, 5.Be2"]
[ECO "B08"]
[NIC "PU.03"]
[Time "16:14:43"]
[TimeControl "180+0"]

1. e4 d6 2. d4 Nf6 3. Nc3 g6 4. Nf3 Bg7 5. Be2 O-O 6. O-O Nbd7 7. Re1 e5 8.
Bf1 c6 9. a4 a5 10. Bg5 Re8 11. dxe5 dxe5 12. Qd6 Re6 13. Qd2 Qb6 14. Bc4
Re8 15. Bb3 Nc5 16. Qd6 Nxb3 17. cxb3 Be6 18. Nd2 Rad8 19. Qxe5 Nd5 20. Nxd5
Bxe5 21. Nxb6 f6 22. Be3 Rd3 23. Ndc4 Rxb3 24. Nxe5 fxe5 25. Red1 Rxb2 26.
Nd7 Bxd7 27. Rxd7 Rb4 28. f3 Rb3 29. Bh6 Rb4 30. Rg7+ Kh8 31. Rd1 Rd4 32.
Rb1 Rb4 33. Rxb4 axb4 34. Rxb7 c5 35. a5 Ra8 36. a6 Kg8 37. a7 b3 38. Rb8+
Kf7 39. Rxa8 b2 40. Rf8+ Ke6 41. Rb8 {Black forfeits on time} 1-0

[Event "ICC Open 2015"]
[Site "Internet Chess Club"]
[Date "2015.05.30"]
[Round "11"]
[White "ShadowLike"]
[Black "nadalthegreat"]
[Result "0-1"]
[ICCResult "White forfeits on time"]
[WhiteElo "2185"]
[BlackElo "1838"]
[Opening "Evans gambit"]
[ECO "C52"]
[NIC "IG.05"]
[Time "16:14:53"]
[TimeControl "180+0"]

1. e4 e5 2. Nf3 Nc6 3. Bc4 Bc5 4. b4 Bxb4 5. c3 Ba5 6. d4 exd4 7. O-O Nge7
8. Ng5 d5 9. exd5 Nxd5 10. Qh5 g6 11. Qh6 Be6 12. Re1 Qf6 13. Bxd5 O-O-O 14.
Bxc6 bxc6 15. Nxe6 fxe6 16. Bg5 Qf5 17. Bxd8 Rxd8 18. Nd2 dxc3 19. Nb3 c2
20. Rec1 Bc3 21. Qe3 Bxa1 22. Rxa1 Rd1+ 23. Qe1 Rxe1+ 24. Rxe1 Qd5 25. f3
Qd1 26. Kf2 Qd5 27. Rc1 Qd3 28. Kg3 Qd6+ 29. Kf2 Qd5 30. Kg3 Qg5+ 31. Kf2
Qd5 32. Rxc2 Qd1 33. Re2 Qd5 34. Kg3 e5 35. Kf2 Qe6 36. g4 Qf6 37. h4 e4 38.
Rxe4 Qxh4+ 39. Ke3 Qe1+ 40. Kd3 Qd1+ 41. Ke3 Qc2 42. Kf4 Qb2 43. Re8+ Kd7
44. Re4 Qf6+ {White forfeits on time} 0-1

[Event "ICC Open 2015"]
[Site "Internet Chess Club"]
[Date "2015.05.30"]
[Round "11"]
[White "gauss"]
[Black "maki89"]
[Result "1-0"]
[ICCResult "Black forfeits on time"]
[WhiteElo "2074"]
[BlackElo "2379"]
[Opening "Benoni defense"]
[ECO "A61"]
[NIC "BI.38"]
[Time "16:14:22"]
[TimeControl "180+0"]

1. d4 Nf6 2. c4 c5 3. d5 e6 4. Nc3 exd5 5. cxd5 d6 6. Nf3 g6 7. Bf4 Bg7 8.
Qa4+ Bd7 9. Qb3 b5 10. Bxd6 c4 11. Qd1 Bf5 12. Nxb5 Qa5+ 13. Nc3 Nxd5 14.
Qa4+ Qxa4 15. Nxa4 c3 16. Be5 Bxe5 17. Nxe5 Nb4 18. Rc1 Nxa2 19. Rxc3 Nxc3
20. Nxc3 O-O 21. e4 Be6 22. f3 Nd7 23. Nd3 Rab8 24. Be2 Bc4 25. Nd1 Rfd8 26.
Nf4 Bb3 27. Nc3 Bc2 28. Kd2 Rxb2 29. Kc1 Rdb8 30. Nfd5 Nc5 31. Ne7+ Kg7 32.
Nc6 R8b6 33. Nd4 Nd3+ 34. Bxd3 Bxd3 35. Rd1 Ba6 36. Nc2 Bc4 37. Rd4 Be6 38.
f4 a6 39. Ne3 h5 40. f5 gxf5 41. exf5 Ba2 42. Ned5 Rb7 43. f6+ Kf8 44. Nf4
Rb8 45. Rd7 Be6 46. Ra7 R2b3 47. Kd2 Rb2+ 48. Kc1 R2b3 49. Kc2 R3b4 50. Nd3
Bf5 51. Kd2 Bxd3 52. Kxd3 R4b6 53. Kc2 Rxf6 54. Rc7 Rf2+ 55. Kd3 Rxg2 56.
Kc4 Rd8 57. Kc5 Re8 58. Kb6 Re5 59. Ka7 Rb2 60. Rc8+ Kg7 61. Na4 Rb7+ 62.
Kxb7 Re7+ 63. Kxa6 Re6+ 64. Kb5 Re5+ 65. Kc4 Re4+ 66. Kd3 Re3+ 67. Kxe3 f5
68. Kf3 f4 69. Rc7+ Kg6 70. Rc6+ Kg5 71. Rc5+ Kh4 72. Rc4 Kh3 73. Rxf4 Kxh2
74. Rh4+ {Black forfeits on time} 1-0

[Event "ICC Open 2015"]
[Site "Internet Chess Club"]
[Date "2015.05.30"]
[Round "11"]
[White "Agenda"]
[Black "El-Flippo"]
[Result "0-1"]
[ICCResult "White forfeits on time"]
[WhiteElo "1233"]
[BlackElo "1421"]
[Opening "Old Benoni defense"]
[ECO "A43"]
[NIC "OI.09"]
[Time "16:15:21"]
[TimeControl "180+0"]

1. d4 c5 2. Nf3 cxd4 3. Nxd4 e6 4. Nf3 d5 5. Bf4 Nc6 6. c3 Nf6 7. e3 Bd7 8.
Nbd2 Rc8 9. Qb3 b6 10. Ba6 Na5 11. Qc2 Rc6 12. Ne5 Rc7 13. Nxf7 Kxf7 14.
Bxc7 Qxc7 15. Bd3 e5 16. Bf5 Bd6 17. Nf3 Rf8 18. Ng5+ Kg8 19. Bxh7+ Kh8 20.
Qg6 Be8 21. Qf5 Ne4 22. Qh3 Nxg5 23. Qh4 Nxh7 24. O-O Be7 25. Qg4 Bf6 26.
Rfd1 Bd7 27. Qg3 Be6 28. Rac1 Qf7 29. c4 Nxc4 30. Rxc4 dxc4 31. Rd6 Qe7 32.
Rc6 Rd8 33. Rc8 Rxc8 {White forfeits on time} 0-1

[Event "ICC Open 2015"]
[Site "Internet Chess Club"]
[Date "2015.05.30"]
[Round "11"]
[White "Schurick"]
[Black "paulleon"]
[Result "1-0"]
[ICCResult "Black forfeits on time"]
[WhiteElo "2396"]
[BlackElo "2097"]
[Opening "Réti: King's Indian attack (Barcza system)"]
[ECO "A07"]
[NIC "QP.09"]
[Time "16:15:00"]
[TimeControl "180+0"]

1. Nf3 d5 2. g3 e6 3. Bg2 Nf6 4. d3 Be7 5. O-O O-O 6. Nbd2 c5 7. e4 Nc6 8.
e5 Nd7 9. Re1 b6 10. Nf1 Bb7 11. h4 Rc8 12. N1h2 Re8 13. Bf4 Bf8 14. Ng5 h6
15. Nh3 f6 16. exf6 Nxf6 17. Ng4 a6 18. Ne5 Nxe5 19. Bxe5 Bd6 20. Nf4 Qc7
21. Qe2 Bxe5 22. Qxe5 Qxe5 23. Rxe5 Kf7 24. Rae1 Rc6 25. Bh3 Bc8 26. h5 Rd6
27. c3 d4 28. c4 Re7 29. Ng6 Re8 30. Nf4 Re7 31. g4 Bd7 32. Ng6 Re8 33. R5e2
b5 34. Ne5+ Ke7 35. f4 bxc4 36. Nxc4 Rc6 37. f5 Nd5 38. Bg2 Kd8 39. Ne5 Rd6
40. Nf7+ Ke7 41. fxe6 Rxe6 42. Bxd5 Kxf7 43. Re5 Kf6 44. Bxe6 Rxe6 45. Rf5+
Ke7 46. Rxe6+ Bxe6 47. Rxc5 Bxg4 48. Kf2 Kd6 49. Ra5 Kc6 50. Rxa6+ Kb5 51.
Rg6 Bxh5 52. Rxg7 Bd1 53. Rh7 h5 54. Ke1 Bg4 55. Kd2 Kb4 56. Rh6 Kc5 57. a3
Kb5 58. b3 Kc5 59. Rg6 Kd5 60. Rg5+ Kc6 61. a4 Kb6 62. b4 Kc6 63. a5 Kb7 64.
b5 Kc7 65. Rg7+ Kd6 66. a6 Bf3 67. a7 h4 68. Rh7 Kc5 69. Rxh4 Kb6 70. Rxd4
Kxa7 71. Rf4 Bb7 72. Rf6 Ka8 73. Kc3 Ka7 74. Kb4 Bc8 75. Kc5 Kb8 76. Rf8 Ka8
77. d4 Kb7 78. d5 Kb8 79. d6 Ka7 80. Rf7+ Ka8 81. Rf8 Ka7 82. Rxc8
{Black forfeits on time}
1-0

[Event "ICC Open 2015"]
[Site "Internet Chess Club"]
[Date "2015.05.30"]
[Round "11"]
[White "TapculescuM"]
[Black "Massarioli"]
[Result "0-1"]
[ICCResult "White forfeits on time"]
[WhiteElo "1880"]
[BlackElo "2165"]
[Opening "Queen's pawn game, Darooha variation "]
[ECO "D02"]
[NIC "QP.09"]
[Time "16:14:21"]
[TimeControl "180+0"]

1. Nf3 d5 2. d4 Nf6 3. g3 g6 4. Bg2 Bg7 5. O-O O-O 6. b3 b6 7. Bb2 Bb7 8.
Nbd2 Nbd7 9. Ne5 Nxe5 10. dxe5 Ne4 11. f3 Nc5 12. f4 Ne4 13. Nxe4 dxe4 14.
Qxd8 Rfxd8 15. Rad1 e6 16. Ba3 Bf8 17. Bxf8 Kxf8 18. Kf2 e3+ 19. Kg1 Bxg2
20. Kxg2 Ke7 21. Kf3 Rd2 22. Rxd2 exd2 23. Rd1 Rd8 24. Ke3 Rd5 25. Rxd2 Rc5
26. c4 h5 27. h3 a5 28. Kd4 a4 29. b4 Rc6 30. Rd3 b5 31. c5 Ra6 32. a3 Ra8
33. e4 Rd8+ 34. Ke3 Rxd3+ 35. Kxd3 c6 36. g4 hxg4 37. hxg4 Kf8 38. f5 Kg7
39. Ke3 Kh6 40. Kf4 g5+ 41. Kg3 Kg7 42. f6+ Kg6 43. Kf3 Kh6 44. Kg3 Kg6 45.
Kh3 Kh7 46. Kg3 Kg8 47. Kf3 Kf8 48. Ke3 Ke8 49. Kd2 Kd7 50. Kd3 Kc8 51. Ke3
Kc7 52. Kd4 Kb7 53. Ke3 Ka6 54. Kf3 Ka7 55. Ke3 Ka6 56. Kf3 Kb7 57. Ke3 Kb8
58. Kf3 Kb7 59. Ke3 Ka8 60. Kf3 Kb8 61. Ke3 Kc8 62. Kf3 Kc7 63. Ke3 Kc8 64.
Kf3 Kd8 65. Ke3 Kd7 66. Kf3 Ke8 67. Ke3 Kf8 68. Kf3 Ke8 69. Ke3 Kf8 70. Ke2
Kg8 71. Kd3 Kh8 72. Kd4 Kg8 73. Ke3 Kh7 74. Kd3 Kh6 75. Ke3 Kh7 76. Kd4 Kg6
77. Kd3 Kh6 78. Ke3 Kg6 79. Kd4 Kh6 80. Ke3 Kg6 81. Kd4 Kh6 82. Ke3 Kh7 83.
Kd4 Kh8 84. Ke3 Kg8 85. Kd4 Kf8 86. Ke3 Kg8 87. Kd4 Kf8 88. Ke3 Ke8 89. Kd4
Kd7 90. Kc3 Kd8 91. Kd2 Kd7 92. Kc3 Ke8 93. Kd3 Kd8 94. Ke3 Kc8 95. Kf3 Kc7
96. Kf2 Kc8 97. Ke2 Kd7 98. Kd2 Kc7 99. Kc3 Kc8 100. Kb2 Kb7 101. Ka1 Kb8
102. Kb1 Kb7 103. Ka2 Ka8 104. Kb2 Ka7 105. Kc2 Kb8 106. Kd3 Kb7 107. Ke3
Ka6 108. Kf3 Ka7 109. Kg3 Ka8 110. Kh3 Ka7 111. Kh2 Kb7 112. Kh1 Kc8 113.
Kg1 Kc7 114. Kf1 Kd8 115. Ke1 Kd7 116. Kd2 Kd8 117. Kc2 Ke8 118. Kc3 Kf8
119. Kb2 Ke8 120. Ka2 Kf8 121. Kb2 Kg8 122. Kc2 Kh7 {White forfeits on time}
0-1

[Event "ICC Open 2015"]
[Site "Internet Chess Club"]
[Date "2015.05.30"]
[Round "11"]
[White "Dark-Magician"]
[Black "Chaos23"]
[Result "1-0"]
[ICCResult "Black forfeits on time"]
[WhiteElo "2290"]
[BlackElo "2058"]
[Opening "Evans gambit"]
[ECO "C52"]
[NIC "IG.05"]
[Time "16:14:46"]
[TimeControl "180+0"]

1. e4 e5 2. Nf3 Nc6 3. Bc4 Bc5 4. b4 Bxb4 5. c3 Ba5 6. Qb3 Qf6 7. d4 exd4 8.
O-O Nge7 9. e5 Nxe5 10. Nxe5 Qxe5 11. Bxf7+ Kd8 12. cxd4 Qxd4 13. Bb2 Qg4
14. Qg3 Qxg3 15. fxg3 h5 16. Bxg7 Rh7 17. Bxh5 d5 18. Rf8+ Kd7 19. Be8+ Kd6
20. Bd4 c5 21. Bf2 Bd7 22. Rf7 Rxf7 23. Bxf7 Rf8 24. Bh5 d4 25. Bf3 d3 26.
Na3 b5 27. Rd1 c4 28. Bxa7 Nc6 29. Nxb5+ Ke5 30. Bc5 Rb8 31. Bd6+ Ke6 32.
Bxb8 Ne5 33. Nd4+ Kf6 34. Bd5 Bb6 35. Rf1+ Ke7 36. Bxe5 c3 37. Kf2 c2 38.
Ke3 Ba5 39. Kxd3 Ba4 40. Bc6 Bxc6 41. Nxc6+ Ke6 42. Nd4+ Kxe5 43. Nxc2 Bc7
44. Ne3 Ke6 45. Rf5 Bxg3 46. Ke4 Bxh2 47. Rh5 Bg1 48. Nd5 Kd6 49. Rh6+ Kc5
50. Rh1 Bd4 51. Rc1+ Kd6 52. Kxd4 Ke6 53. Rf1 Kd6 54. Rf6+ Kd7 55. Rb6 Ke8
56. Ke5 Kd8 57. Ke6 Kc8 58. Kd6 {Black forfeits on time} 1-0

[Event "ICC Open 2015"]
[Site "Internet Chess Club"]
[Date "2015.05.30"]
[Round "11"]
[White "Sebs"]
[Black "BlackHorse96"]
[Result "0-1"]
[ICCResult "White forfeits on time"]
[WhiteElo "2965"]
[BlackElo "3258"]
[Opening "Old Indian defense"]
[ECO "A42"]
[NIC "OI.07"]
[Time "16:14:45"]
[TimeControl "180+0"]

1. d4 d6 2. c4 e5 3. Nf3 e4 4. Nfd2 f5 5. e3 Nf6 6. Nc3 g6 7. Be2 Bg7 8. O-O
O-O 9. b3 Be6 10. Bb2 c6 11. f3 d5 12. Rc1 Bf7 13. cxd5 cxd5 14. fxe4 dxe4
15. Ba3 Re8 16. Nc4 Bh6 17. Qd2 Bxc4 18. Bxc4+ Kg7 19. Nb5 Nc6 20. Rce1 a6
21. Nd6 Re7 22. Nxf5+ gxf5 23. Rxf5 Rd7 24. Qf2 Nd5 25. Bf8+ Qxf8 26. Rxf8
Rxf8 27. Qg3+ Kh8 28. Qh3 Rd6 29. Bxd5 Nb4 30. Bxe4 Rdf6 31. a3 Na2 32. Bf3
Nc3 33. e4 Bd2 34. Rf1 Be3+ 35. Kh1 Bxd4 36. Qd7 Be5 37. Qxb7 Rh6 38. h3
Rhf6 39. a4 Ne2 40. Re1 Ng3+ 41. Kg1 Rg6 42. Qd5 Bg7 43. e5 Nf5 44. e6 Ne7
45. Qd7 Bf6 46. Bg4 Rg7 47. Qd6 Rfg8 48. Qxa6 h5 49. Bf3 Rg6 50. Qb5 Rg5 51.
Qd7 R5g7 52. b4 Ng6 53. Qd3 Nf4 54. Qf5 Nxg2 55. Bxg2 Rxg2+ 56. Kh1 R2g6 57.
Qxh5+ Kg7 58. Rg1 Rxg1+ 59. Kxg1 Rf8 60. Qg4+ Kh6 61. b5 Bg5 62. Kg2 Rc8 63.
b6 Rc2+ 64. Kf1 Rb2 65. a5 Rb1+ 66. Ke2 Rb2+ 67. Kd3 Ra2 68. Kc4 Rxa5 69. b7
Ra1 70. Kb5 Rb1+ 71. Kc6 Bf6 72. Kd7 Rxb7+ 73. Kc8 Re7 74. Qf5 Kg7 75. Kd8
Rxe6+ 76. Kd7 Ra6 77. Qf4 Ra1 78. Ke6 Ra6+ 79. Kf5 Ra5+ 80. Kg4 Be5 81. Qf5
Ra4+ 82. Kh5 Bf6 83. Qg5+ Bxg5 84. h4 Ra5 {White forfeits on time} 0-1

[Event "ICC Open 2015"]
[Site "Internet Chess Club"]
[Date "2015.05.30"]
[Round "11"]
[White "Lightlike"]
[Black "zonata"]
[Result "1-0"]
[ICCResult "Black checkmated"]
[WhiteElo "2657"]
[BlackElo "2338"]
[Opening "Sicilian: Alapin's variation (2.c3)"]
[ECO "B22"]
[NIC "SI.46"]
[Time "16:14:47"]
[TimeControl "180+0"]

1. e4 c5 2. c3 d5 3. exd5 Qxd5 4. d4 Nf6 5. Nf3 e6 6. Be3 cxd4 7. cxd4 Bb4+
8. Nc3 O-O 9. Bd3 Qa5 10. Bd2 Nc6 11. O-O h6 12. a3 Bxc3 13. bxc3 Rd8 14.
Qe2 Qh5 15. Rab1 b6 16. Rb5 Rd5 17. c4 Rxb5 18. cxb5 Ne7 19. Rc1 Bb7 20. Rc7
Bxf3 21. Qxf3 Qxf3 22. gxf3 Ned5 23. Rb7 g5 24. Be4 Kg7 25. a4 a6 26. a5
bxa5 27. b6 a4 28. Bc1 Rc8 29. Ba3 Rc3 30. Bd6 Rc1+ 31. Kg2 Nf4+ 32. Bxf4
gxf4 33. Ra7 Nxe4 34. fxe4 Rb1 35. Rxa6 Rb4 36. Kf3 Rxd4 37. Kxf4 Rb4 38.
Ke5 a3 39. Kd6 a2 40. Kc7 Rc4+ 41. Kb8 Rxe4 42. Rxa2 Rb4 43. b7 Kg6 44. Ka8
Kf5 45. b8=Q Rxb8+ 46. Kxb8 e5 47. Kc7 e4 48. Kd6 Kf4 49. Kd5 f5 50. Kd4 Kf3
51. Ke5 f4 52. Kd4 h5 53. h4 e3 54. fxe3 fxe3 55. Ra3 Kg4 56. Kxe3 Kxh4 57.
Kf3 Kh3 58. Kf2+ Kh2 59. Ra4 Kh3 60. Kg1 h4 61. Ra3+ Kg4 62. Kh2 Kf4 63.
Ra4+ Kg5 64. Kh3 Kf5 65. Rxh4 Ke5 66. Rg4 Kd5 67. Kg3 Ke5 68. Kf3 Kf5 69.
Rf4+ Ke5 70. Ke3 Kd5 71. Rf5+ Ke6 72. Rg5 Kd6 73. Ra5 Ke6 74. Kf4 Kd6 75.
Ke4 Kc6 76. Kd4 Kb6 77. Rc5 Kb7 78. Kd5 Kb6 79. Kd6 Ka6 80. Kc6 Ka7 81. Rb5
Ka6 82. Rc5 Ka7 83. Rb5 Ka6 84. Kc5 Ka7 85. Kc6 Ka6 86. Rc5 Ka7 87. Ra5+ Kb8
88. Ra4 Kc8 89. Ra8# {Black checkmated} 1-0

[Event "ICC Open 2015"]
[Site "Internet Chess Club"]
[Date "2015.05.30"]
[Round "11"]
[White "beaupre"]
[Black "VoltesV"]
[Result "1-0"]
[ICCResult "Black forfeits on time"]
[WhiteElo "1834"]
[BlackElo "1571"]
[Opening "Pirc defense"]
[ECO "B07"]
[NIC "PU.08"]
[Time "16:15:15"]
[TimeControl "180+0"]

1. e4 d6 2. d4 Nf6 3. Nc3 c5 4. dxc5 Qa5 5. cxd6 Nxe4 6. Bd2 Nxd2 7. Qxd2
Qe5+ 8. Be2 exd6 9. Nf3 Qa5 10. O-O Be7 11. Bb5+ Bd7 12. Bxd7+ Nxd7 13. Rfe1
Ne5 14. Nxe5 dxe5 15. Qd5 Qxd5 16. Nxd5 Bd6 17. Rad1 O-O-O 18. c4 Kb8 19. b3
f6 20. Kf1 Bc5 21. b4 Bd4 22. Rd3 Rhe8 23. b5 Rc8 24. Rc1 Rc5 25. a4 Rd8 26.
Ne7 Rd7 27. Nf5 g6 28. Nxd4 Rxd4 29. Rxd4 exd4 30. Ke2 Re5+ 31. Kd3 b6 32.
Kxd4 Re2 33. Rf1 Ra2 34. Kd5 Rxa4 35. g3 Ra2 36. h4 Kc7 37. Re1 Rd2+ 38. Ke4
Rxf2 39. g4 f5+ 40. gxf5 Rxf5 41. Kd3 Rf7 42. Re6 Rd7+ 43. Ke4 Rd6 44. Re7+
Rd7 45. Re8 Kd6 46. Rf8 Kc5 47. Rc8+ Kb4 48. Rc6 h6 49. Ke5 g5 50. hxg5 hxg5
51. Kf5 Rg7 52. Kg4 Rf7 53. Rc8 Rf4+ 54. Kxg5 Rxc4 55. Ra8 Rc5+ 56. Kf6 Rxb5
57. Rxa7 Ra5 58. Rb7 b5 59. Re7 Ra4 60. Re4+ Ka5 61. Re3 b4 62. Ke7
{Black forfeits on time}
1-0

[Event "ICC Open 2015"]
[Site "Internet Chess Club"]
[Date "2015.05.30"]
[Round "11"]
[White "MD1"]
[Black "Rinazina46"]
[Result "0-1"]
[ICCResult "White forfeits on time"]
[WhiteElo "1675"]
[BlackElo "1944"]
[Opening "Bird's opening"]
[ECO "A03"]
[NIC "VO.07"]
[Time "16:15:12"]
[TimeControl "180+0"]

1. f4 d5 2. Nf3 e6 3. e3 c5 4. Be2 Nf6 5. O-O Nc6 6. b3 Be7 7. Nc3 O-O 8.
Bb2 b6 9. d4 Bb7 10. dxc5 bxc5 11. Nb1 Ne4 12. c4 Bf6 13. Bxf6 Qxf6 14. Nbd2
Nc3 15. Qe1 Nb4 16. Bd1 Ncxa2 17. Ne5 Rfd8 18. Ndf3 dxc4 19. bxc4 Bxf3 20.
Bxf3 Rab8 21. Nc6 Nxc6 22. Rxa2 Nb4 23. Rxa7 g6 24. Qg3 Rd2 25. Rfa1 Rbd8
26. h4 Nc2 27. Rb1 Nxe3 28. Rbb7 Nf5 29. Qg5 Qxg5 30. hxg5 Rf8 31. Rc7 Rd4
32. Rxc5 Rxf4 33. Rcc7 Nd4 34. Kf2 Nxf3 35. gxf3 Rd4 36. c5 Rc4 37. c6 Kg7
38. Kg3 h5 39. gxh6+ Kxh6 40. Ra6 f5 41. Raa7 Kg5 42. f4+ Rxf4 43. Re7 Rg4+
44. Kf3 Rf6 45. c7 Rc4 46. Rb7 e5 47. Rb8 e4+ 48. Ke3 Rfc6 49. c8=B Rxc8 50.
Rxc8 Rxc8 51. Re5 Rc3+ 52. Kd2 Rd3+ 53. Ke2 Kf6 {White forfeits on time} 0-1

[Event "ICC Open 2015"]
[Site "Internet Chess Club"]
[Date "2015.05.30"]
[Round "11"]
[White "SvMihajlov"]
[Black "ural"]
[Result "1-0"]
[ICCResult "Black checkmated"]
[WhiteElo "2335"]
[BlackElo "2351"]
[Opening "Queen's pawn game"]
[ECO "D02"]
[NIC "QP.08"]
[Time "16:16:42"]
[TimeControl "180+0"]

1. d4 d5 2. Nf3 Bf5 3. Bf4 e6 4. Nbd2 Bd6 5. Bxd6 cxd6 6. e3 Ne7 7. c4 dxc4
8. Bxc4 O-O 9. O-O Bg6 10. Bb3 Nd7 11. e4 d5 12. Re1 dxe4 13. Nxe4 Qb6 14.
Ne5 Rad8 15. Nc4 Qa6 16. Qe2 Bxe4 17. Qxe4 Nf6 18. Qf4 Ng6 19. Qe3 Nd5 20.
Qg3 Ndf4 21. Rad1 Rc8 22. Rc1 Rfd8 23. Qe3 Nd5 24. Qe4 Nf6 25. Qe3 Qb5 26.
g3 Qh5 27. f3 b5 28. Ne5 Nxe5 29. dxe5 Rxc1 30. Rxc1 Nd5 31. Bxd5 exd5 32.
e6 fxe6 33. Qxe6+ Qf7 34. Qxf7+ Kxf7 35. Rc7+ Kf6 36. Rxa7 d4 37. Kf2 Rc8
38. Ke2 Rc2+ 39. Kd3 Rxb2 40. Kxd4 Rxh2 41. a4 Rd2+ 42. Ke3 Rb2 43. Ra6+ Kf7
44. axb5 Rxb5 45. Ra7+ Kg6 46. Kf4 Rb4+ 47. Ke3 Kh6 48. g4 g6 49. Kf2 Rb1
50. Kg3 Rg1+ 51. Kf4 Rh1 52. g5+ Kh5 53. Rxh7# {Black checkmated} 1-0

[Event "ICC Open 2015"]
[Site "Internet Chess Club"]
[Date "2015.05.30"]
[Round "10"]
[White "Darnoc"]
[Black "Art"]
[Result "1-0"]
[ICCResult "Black resigns"]
[WhiteElo "3038"]
[BlackElo "2359"]
[Opening "QGD Slav: Krause attack"]
[ECO "D17"]
[NIC "SL.04"]
[Time "16:02:07"]
[TimeControl "180+0"]

1. d4 d5 2. c4 c6 3. Nf3 Nf6 4. Nc3 dxc4 5. a4 Bf5 6. Ne5 Nbd7 7. Nxc4 Nb6
8. e3 Nxc4 9. Bxc4 e6 10. a5 Bd6 11. Qb3 Rb8 12. f3 Nd7 13. e4 Bg6 14. Be3
O-O 15. O-O Qe7 16. f4 Kh8 17. Be2 b5 18. Kh1 b4 19. e5 bxc3 20. exd6 Qxd6
21. Qxc3 Be4 22. Bc4 Bd5 23. Bd3 Rb3 24. Qd2 Rfb8 25. Rab1 Nf6 26. f5 Be4
27. Bf4 Qxd4 28. Bxb8 Rxd3 29. Qf2 exf5 30. Qxd4 Rxd4 31. Rbd1 Rxd1 32. Rxd1
Nd5 33. Bxa7 Bxg2+ 34. Kxg2 {Black resigns} 1-0

[Event "ICC Open 2015"]
[Site "Internet Chess Club"]
[Date "2015.05.30"]
[Round "11"]
[White "BennieHill"]
[Black "VictorRed"]
[Result "0-1"]
[ICCResult "White forfeits on time"]
[WhiteElo "1269"]
[BlackElo "1819"]
[Opening "Four knights game"]
[ECO "C47"]
[NIC "KP.06"]
[Time "16:19:34"]
[TimeControl "180+0"]

1. e4 e5 2. Nf3 Nc6 3. Nc3 Nf6 4. d3 Bc5 5. Qe2 Ng4 6. Be3 Nxe3 7. fxe3 O-O
8. Na4 Bb4+ 9. c3 Ba5 10. a3 d6 11. b4 Bb6 12. Nxb6 axb6 13. Qf2 f5 14. exf5
Bxf5 15. Be2 Bg4 16. O-O Qe7 17. Qg3 Bh5 18. Rae1 Rf6 19. Ng5 Bxe2 20. Rxe2
Raf8 21. Rxf6 Qxf6 22. Rf2 Qxf2+ 23. Qxf2 Rxf2 24. Kxf2 Nd8 25. Kf3 h6 26.
Ne4 Kf7 27. g4 Ke6 28. h4 Nf7 29. c4 c6 30. g5 d5 31. cxd5+ cxd5 32. Ng3
hxg5 33. hxg5 Nxg5+ 34. Kg4 Nf7 35. Nf5 g6 36. Ng3 Nd6 37. Kg5 Nf5 38. Nxf5
gxf5 39. Kh4 Kf6 40. Kg3 Kg5 41. Kf3 b5 42. d4 exd4 43. exd4 b6 44. Kg3 f4+
45. Kf3 Kf5 46. Ke2 Ke4 47. Kf2 Kxd4 48. Kf3 Kc3 49. Kxf4 d4 50. Ke5 d3 51.
Kd6 Kb3 52. Kc6 Kxa3 53. Kxb6 Kxb4 54. Kc6 Kc4 55. Kb6 d2 56. Ka5 b4 57. Ka4
d1=Q+ 58. Ka5 b3 59. Kb6 b2 60. Kc6 b1=Q {White forfeits on time} 0-1

[Event "ICC Open 2015"]
[Site "Internet Chess Club"]
[Date "2015.05.30"]
[Round "11"]
[White "kava"]
[Black "FedoseevVl95"]
[Result "1-0"]
[ICCResult "Black forfeits on time"]
[WhiteElo "2909"]
[BlackElo "2990"]
[Opening "King's Indian: Gligoric-Taimanov system"]
[ECO "E92"]
[NIC "KI.18"]
[Time "16:13:54"]
[TimeControl "180+0"]

1. Nf3 Nf6 2. c4 g6 3. Nc3 Bg7 4. e4 d6 5. d4 O-O 6. Be2 e5 7. Be3 Nc6 8. d5
Ne7 9. Nd2 c5 10. dxc6 bxc6 11. O-O c5 12. a3 Nc6 13. Rb1 a5 14. Nd5 h6 15.
h3 a4 16. Nc3 Qa5 17. Nb5 Qd8 18. Nc3 Qa5 19. Bd3 Nd4 20. Nb5 Rd8 21. b4
axb3 22. Nxb3 Nxb3 23. Qxb3 Be6 24. Rfd1 Ne8 25. Be2 f5 26. f3 f4 27. Bd2
Qa6 28. a4 Qxa4 29. Qxa4 Rxa4 30. Ra1 Rda8 31. Bc3 Rxa1 32. Rxa1 Rxa1+ 33.
Bxa1 Bf6 34. Kf2 Be7 35. Bc3 Kf7 36. Bd2 g5 37. Nc3 h5 38. Nd5 Bd8 39. Bc3
Bd7 40. Bd1 Ng7 41. Bb3 Ne6 42. Bd1 Bc6 43. Bb3 Ke8 44. Ke1 Kd7 45. Kd2 Kc8
46. Kd3 Bd7 47. Bd1 Kb7 48. Kd2 Ka6 49. Kd3 Bc6 50. Bd2 Ng7 51. Bc3 Ne8 52.
Bd2 Bxd5 53. cxd5 Ba5 54. Bc1 Kb5 55. Bb3 Nc7 56. Bc4+ Ka4 57. Bb2 Bb4 58.
Kc2 Nb5 59. Kd3 Be1 60. Kc2 Kb4 61. Kd3 Bf2 62. Bc1 Be3 63. Bb2 Bd4 64. Bc1
Ka4 65. Kc2 Nc3 66. Kd3 Nb5 67. Kc2 Ka5 68. Bd2+ Kb6 69. Kb3 Nc7 70. Ka4 Ne8
71. Ba5+ Kb7 72. Bb5 Nf6 73. Bc6+ Kc8 74. Bb5 g4 75. Ba6+
{Black forfeits on time}
1-0